| TOP OF THE 1ST |
|
Oklahoma City Dodgers batting - Pitching for El Paso Chihuahuas : RHP Shuuhei Watanabe
|
|
Pitching: RHP Shuuhei Watanabe
|
|
|
Batting: RHB Vinny Vasquez
|
0-0: Called Strike 0-1: Ball 1-1: Ball 2-1: Ball 3-1: Called Strike 3-2: Base on Balls
|
|
Batting: RHB Jonathan Rangel
|
0-0: Ball 1-0: Foul Ball, location: 2F 1-1: Foul Ball, location: 2F 1-2: Foul Ball, location: 2F 1-2: Ball 2-2: Foul Ball, location: 2F 2-2: Strikes out swinging
|
|
Batting: RHB Trevor Mock
|
0-0: Called Strike 0-1: Ball 1-1: Foul Ball, location: 2F 1-2: Ball 2-2: Ball 3-2: Foul Ball, location: 2F 3-2: Fly out, F9 (Flyball, 9, EV 95.6 MPH)
|
|
Batting: LHB Yasahiko Teshima
|
0-0: Ball 1-0: Called Strike Vinny Vasquez is caught stealing 2nd base 2-6
|
| Top of the 1st over - 0 runs, 0 hits, 0 errors, 0 left on base; Oklahoma City 0 - El Paso 0 |
| BOTTOM OF THE 1ST |
|
El Paso Chihuahuas batting - Pitching for Oklahoma City Dodgers : LHP Gavin White
|
|
Pitching: LHP Gavin White
|
|
|
Batting: RHB Itsuo Yoshioka
|
0-0: Ball 1-0: Foul Ball, location: 2F 1-1: Fly out, F8 (Line Drive, 8RD, EV 95.0 MPH)
|
|
Batting: RHB Juan Martinez
|
0-0: Swinging Strike 0-1: Called Strike 0-2: Reaches on Catchers interference
|
|
Batting: RHB Antonio Medina
|
Pickoff Throw to First - Out! 1-3 CS 0-0: Ball 1-0: Called Strike 1-1: Ball 2-1: Called Strike 2-2: Strikes out swinging
|
| Bottom of the 1st over - 0 runs, 0 hits, 1 error, 0 left on base; Oklahoma City 0 - El Paso 0 |
| TOP OF THE 2ND |
|
Oklahoma City Dodgers batting - Pitching for El Paso Chihuahuas : RHP Shuuhei Watanabe
|
|
Batting: LHB Yasahiko Teshima
|
0-0: Fly out, F9 (Flyball, 9LS, EV 90.0 MPH)
|
|
Batting: SHB Ken Welch
|
0-0: Ball 1-0: Ball 2-0: Ground out U3 (Groundball, 34S, EV 65.0 MPH)
|
|
Batting: RHB Jeremy Giesler
|
0-0: Ball 1-0: Called Strike 1-1: Foul Ball, location: 2F 1-2: Foul Ball, location: 2F 1-2: Foul Ball, location: 2F 1-2: Ball 2-2: Foul Ball, location: 2F 2-2: Ball 3-2: SINGLE (Groundball, 56S, EV 66.9 MPH) (infield hit)
|
|
Batting: LHB Frank Mullen
|
0-0: Ball 1-0: Ball 2-0: Ball Wild Pitch! Jeremy Giesler to second 3-0: Called Strike 3-1: Called Strike 3-2: Ground out U3 (Groundball, 34, EV 87.5 MPH)
|
| Top of the 2nd over - 0 runs, 1 hit, 0 errors, 1 left on base; Oklahoma City 0 - El Paso 0 |
| BOTTOM OF THE 2ND |
|
El Paso Chihuahuas batting - Pitching for Oklahoma City Dodgers : LHP Gavin White
|
|
Batting: RHB Danny Bunn
|
0-0: Called Strike 0-1: Ball 1-1: Ball 2-1: Ball 3-1: Fly out, F8 (Flyball, 8RD, EV 105.6 MPH)
|
|
Batting: RHB Kiril Emeshin
|
0-0: Foul Ball, location: 2F 0-1: Ball 1-1: Ball 2-1: Foul Ball, location: 3F, Error on foul ball, E3 2-2: Foul Ball, location: 2F 2-2: Foul Ball, location: 2F 2-2: Strikes out swinging, 2-3 out at first.
|
|
Batting: SHB Jamie Roberts
|
0-0: Ball 1-0: Ball 2-0: Ball 3-0: Called Strike 3-1: Foul Ball, location: 2F 3-2: Strikes out swinging
|
| Bottom of the 2nd over - 0 runs, 0 hits, 1 error, 0 left on base; Oklahoma City 0 - El Paso 0 |
| TOP OF THE 3RD |
|
Oklahoma City Dodgers batting - Pitching for El Paso Chihuahuas : RHP Shuuhei Watanabe
|
|
Batting: RHB Marcos Villalobos
|
0-0: Called Strike 0-1: Hit by Pitch
|
|
Batting: RHB Carlos Talavera
|
0-0: Called Strike 0-1: Ball 1-1: 2-RUN HOME RUN (Flyball, 7D, EV 98.1 MPH), Distance : 384 ft
|
|
Batting: RHB Vinny Vasquez
|
0-0: Ball 1-0: Foul Ball, location: 2F 1-1: Fly out, F5 (Line Drive, 5, EV 69.4 MPH)
|
|
Batting: RHB Jonathan Rangel
|
0-0: Ball 1-0: Foul Ball, location: 2F 1-1: Ball 2-1: Reached on error, E6 (Groundball, 56, EV 104.4 MPH)
|
|
Batting: RHB Trevor Mock
|
0-0: Called Strike 0-1: Ball 1-1: Ball 2-1: Called Strike 2-2: Strikes out looking
|
|
Batting: LHB Yasahiko Teshima
|
0-0: Ball 1-0: Ball 2-0: Ball 3-0: Base on Balls Jonathan Rangel to second
|
|
Batting: SHB Ken Welch
|
0-0: Foul Ball, location: 2F 0-1: Ball 1-1: Ground out 4-3 (Groundball, 4, EV 106.9 MPH)
|
| Top of the 3rd over - 2 runs, 1 hit, 1 error, 2 left on base; Oklahoma City 2 - El Paso 0 |
| BOTTOM OF THE 3RD |
|
El Paso Chihuahuas batting - Pitching for Oklahoma City Dodgers : LHP Gavin White
|
|
Batting: LHB Joseph Martin
|
0-0: Ball 1-0: Ball 2-0: Called Strike 2-1: Ball 3-1: Called Strike 3-2: Strikes out swinging
|
|
Batting: LHB Doug Barr
|
0-0: Ground out 5-3 (Groundball, 56S, EV 63.1 MPH)
|
|
Batting: LHB Josh Slusarczyk
|
0-0: Foul Ball, location: 2F 0-1: Foul Ball, location: 3F, Error on foul ball, E3 0-2: Ball 1-2: Strikes out looking
|
| Bottom of the 3rd over - 0 runs, 0 hits, 1 error, 0 left on base; Oklahoma City 2 - El Paso 0 |
| TOP OF THE 4TH |
|
Oklahoma City Dodgers batting - Pitching for El Paso Chihuahuas : RHP Shuuhei Watanabe
|
|
Batting: RHB Jeremy Giesler
|
0-0: Ball 1-0: Called Strike 1-1: Foul Ball, location: 2F 1-2: Ball 2-2: Ball 3-2: Foul Ball, location: 2F 3-2: SINGLE (Line Drive, 7LS, EV 109.4 MPH)
|
|
Batting: LHB Frank Mullen
|
0-0: Foul Ball, location: 2F 0-1: Called Strike 0-2: Ball 1-2: Foul Ball, location: 2F 1-2: Foul Ball, location: 2F 1-2: Ball 2-2: Ball 3-2: Strikes out swinging
|
|
Batting: RHB Marcos Villalobos
|
0-0: Ball 1-0: Ball 2-0: Called Strike Jeremy Giesler steals 2nd base 2-1: Ball 3-1: Called Strike 3-2: Base on Balls
|
|
Batting: RHB Carlos Talavera
|
0-0: Called Strike 0-1: Fly out, F8 (Flyball, 8RD, EV 107.5 MPH)
|
|
Batting: RHB Vinny Vasquez
|
0-0: Ball 1-0: SINGLE (Line Drive, 6MD, EV 106.9 MPH) Jeremy Giesler to third Marcos Villalobos to second Runner from 3rd tries for Home, SAFE, throw by CF to home
|
|
Batting: RHB Jonathan Rangel
|
0-0: Ball 1-0: Called Strike 1-1: Ball 2-1: Ball 3-1: DOUBLE (Flyball, 89XD, EV 95.0 MPH) Marcos Villalobos scores Vinny Vasquez to third Runner from 3rd tries for Home, SAFE, throw by CF to home
|
|
Pitching: RHP Jim Canady
|
|
|
Batting: RHB Trevor Mock
|
0-0: SINGLE (Groundball, P, EV 81.2 MPH) (infield hit) Jonathan Rangel to third
|
|
Batting: LHB Yasahiko Teshima
|
0-0: Fly out, F8 (Flyball, 78M, EV 87.5 MPH)
|
| Top of the 4th over - 3 runs, 4 hits, 0 errors, 2 left on base; Oklahoma City 5 - El Paso 0 |
| BOTTOM OF THE 4TH |
|
El Paso Chihuahuas batting - Pitching for Oklahoma City Dodgers : LHP Gavin White
|
|
Batting: RHB Itsuo Yoshioka
|
0-0: Called Strike 0-1: Foul Ball, location: 2F 0-2: Foul Ball, location: 2F 0-2: Foul Ball, location: 2F 0-2: Ground out 6-3 (Groundball, 6S, EV 85.0 MPH)
|
|
Batting: RHB Juan Martinez
|
0-0: Called Strike 0-1: Ball 1-1: Ball 2-1: Called Strike 2-2: Strikes out swinging
|
|
Batting: RHB Antonio Medina
|
0-0: Ball 1-0: Ball 2-0: Swinging Strike 2-1: SINGLE (Line Drive, 8LS, EV 111.9 MPH)
|
|
Batting: RHB Danny Bunn
|
0-0: Called Strike 0-1: Ball 1-1: Fly out, F8 (Flyball, 8RD, EV 94.4 MPH)
|
| Bottom of the 4th over - 0 runs, 1 hit, 0 errors, 1 left on base; Oklahoma City 5 - El Paso 0 |
| TOP OF THE 5TH |
|
Oklahoma City Dodgers batting - Pitching for El Paso Chihuahuas : RHP Jim Canady
|
|
Batting: SHB Ken Welch
|
0-0: Ball 1-0: Called Strike 1-1: Ball 2-1: Called Strike 2-2: Foul Ball, location: 2F 2-2: Foul Ball, location: 2F 2-2: Fly out, F8 (Flyball, 8LD, EV 100.6 MPH)
|
|
Batting: RHB Jeremy Giesler
|
0-0: Foul Ball, location: 2F 0-1: Ball 1-1: Called Strike 1-2: Ball 2-2: Foul Ball, location: 2F 2-2: Ball 3-2: Strikes out swinging
|
|
Batting: LHB Frank Mullen
|
0-0: Foul Ball, location: 2F 0-1: Called Strike 0-2: Fly out, F8 (Flyball, 8RD, EV 99.4 MPH)
|
| Top of the 5th over - 0 runs, 0 hits, 0 errors, 0 left on base; Oklahoma City 5 - El Paso 0 |
| BOTTOM OF THE 5TH |
|
El Paso Chihuahuas batting - Pitching for Oklahoma City Dodgers : LHP Gavin White
|
|
Batting: RHB Kiril Emeshin
|
0-0: Ball 1-0: Swinging Strike 1-1: Called Strike 1-2: Foul Ball, location: 2F 1-2: Foul Ball, location: 2F 1-2: Foul Ball, location: 2F 1-2: Strikes out swinging
|
|
Batting: SHB Jamie Roberts
|
0-0: Hit by Pitch
|
|
Batting: LHB Joseph Martin
|
0-0: Ball 1-0: Fly out, F4 (Line Drive, 4, EV 56.9 MPH)
|
|
Batting: LHB Doug Barr
|
0-0: Ball 1-0: Foul Ball, location: 2F 1-1: SINGLE (Groundball, 25, EV 61.2 MPH) (infield hit) Jamie Roberts to second
|
|
Batting: LHB Josh Slusarczyk
|
0-0: Ball 1-0: Ball 2-0: Called Strike 2-1: Ball 3-1: Foul Ball, location: 2F 3-2: Fly out, F8 (Flyball, 78M, EV 83.8 MPH)
|
| Bottom of the 5th over - 0 runs, 1 hit, 0 errors, 2 left on base; Oklahoma City 5 - El Paso 0 |
| TOP OF THE 6TH |
|
Oklahoma City Dodgers batting - Pitching for El Paso Chihuahuas : RHP Jim Canady
|
|
Batting: RHB Marcos Villalobos
|
0-0: Foul Ball, location: 2F 0-1: Ball 1-1: Fly out, F9 (Flyball, 9, EV 96.9 MPH)
|
|
Batting: RHB Carlos Talavera
|
0-0: Ball 1-0: Called Strike 1-1: DOUBLE (Line Drive, 78D, EV 101.2 MPH)
|
|
Batting: RHB Vinny Vasquez
|
0-0: Called Strike 0-1: Ball 1-1: Ball 2-1: Foul Ball, location: 2F 2-2: Ball 3-2: Strikes out swinging
|
|
Batting: RHB Jonathan Rangel
|
0-0: Called Strike 0-1: Foul Ball, location: 2F 0-2: Ball 1-2: Ball 2-2: Ball 3-2: Strikes out swinging
|
| Top of the 6th over - 0 runs, 1 hit, 0 errors, 1 left on base; Oklahoma City 5 - El Paso 0 |
| BOTTOM OF THE 6TH |
|
El Paso Chihuahuas batting - Pitching for Oklahoma City Dodgers : LHP Gavin White
|
|
Batting: RHB Itsuo Yoshioka
|
0-0: Ball 1-0: Ground out 6-3 (Groundball, 6S, EV 71.9 MPH)
|
|
Batting: RHB Juan Martinez
|
0-0: Called Strike 0-1: Swinging Strike 0-2: Ball 1-2: Ball 2-2: Foul Ball, location: 2F 2-2: Strikes out looking
|
|
Batting: RHB Antonio Medina
|
0-0: SOLO HOME RUN (Flyball, 89XD, EV 113.8 MPH), Distance : 419 ft
|
|
Batting: RHB Danny Bunn
|
0-0: Swinging Strike 0-1: Foul Ball, location: 2F 0-2: Ball 1-2: Ball 2-2: Strikes out swinging
|
| Bottom of the 6th over - 1 run, 1 hit, 0 errors, 0 left on base; Oklahoma City 5 - El Paso 1 |
| TOP OF THE 7TH |
|
Oklahoma City Dodgers batting - Pitching for El Paso Chihuahuas : RHP Jim Canady
|
|
Batting: RHB Trevor Mock
|
0-0: Fly out, F8 (Line Drive, 8LM, EV 98.8 MPH)
|
|
Batting: LHB Yasahiko Teshima
|
0-0: Swinging Strike 0-1: Ball 1-1: Foul Ball, location: 2F 1-2: Fly out, F7 (Flyball, 7, EV 93.8 MPH)
|
|
Batting: SHB Ken Welch
|
0-0: Ball 1-0: Ball 2-0: Swinging Strike 2-1: Foul Ball, location: 2F 2-2: Foul Ball, location: 2F 2-2: Foul Ball, location: 2F 2-2: Ball 3-2: Foul Ball, location: 2F 3-2: DOUBLE (Line Drive, 7LM, EV 108.1 MPH)
|
|
Batting: RHB Jeremy Giesler
|
0-0: Ball 1-0: Ball 2-0: Swinging Strike 2-1: Swinging Strike 2-2: Foul Ball, location: 2F 2-2: Foul Ball, location: 2F 2-2: Ball 3-2: Base on Balls
|
|
Batting: LHB Frank Mullen
|
0-0: Ground out 3-1 (Groundball, 34S, EV 81.9 MPH)
|
| Top of the 7th over - 0 runs, 1 hit, 0 errors, 2 left on base; Oklahoma City 5 - El Paso 1 |
| BOTTOM OF THE 7TH |
|
El Paso Chihuahuas batting - Pitching for Oklahoma City Dodgers : LHP Gavin White
|
|
Batting: RHB Kiril Emeshin
|
0-0: Called Strike 0-1: Foul Ball, location: 2F 0-2: Ball 1-2: Ball 2-2: Ball 3-2: Strikes out looking
|
|
Batting: SHB Jamie Roberts
|
0-0: Ball 1-0: Foul Ball, location: 2F 1-1: Ball 2-1: Foul Ball, location: 2F 2-2: Ball 3-2: Foul Ball, location: 2F 3-2: Ground out 5-3 (Groundball, 56, EV 90.6 MPH)
|
|
Batting: LHB Joseph Martin
|
0-0: SINGLE (Line Drive, 7LS, EV 101.2 MPH)
|
|
Pitching: RHP Jason Englert
|
|
|
Batting: LHB Doug Barr
|
0-0: Ball 1-0: Swinging Strike 1-1: Ball 2-1: Ball 3-1: Fly out, F8 (Flyball, 8RS, EV 77.5 MPH)
|
| Bottom of the 7th over - 0 runs, 1 hit, 0 errors, 1 left on base; Oklahoma City 5 - El Paso 1 |
| TOP OF THE 8TH |
|
Oklahoma City Dodgers batting - Pitching for El Paso Chihuahuas : RHP Jim Canady
|
|
Pitching: LHP Matt Wojtkiewicz
|
|
|
Batting: RHB Marcos Villalobos
|
0-0: Ball 1-0: Ground out 4-3 (Groundball, 34, EV 93.1 MPH)
|
|
Batting: RHB Carlos Talavera
|
0-0: Ball 1-0: Ground out U3 (Groundball, 13, EV 84.4 MPH)
|
|
Batting: RHB Vinny Vasquez
|
0-0: Called Strike 0-1: Ground out 5-3 (Groundball, 56, EV 106.2 MPH)
|
| Top of the 8th over - 0 runs, 0 hits, 0 errors, 0 left on base; Oklahoma City 5 - El Paso 1 |
| BOTTOM OF THE 8TH |
|
El Paso Chihuahuas batting - Pitching for Oklahoma City Dodgers : RHP Jason Englert
|
|
Batting: LHB Josh Slusarczyk
|
0-0: Ball 1-0: Fly out, F7 (Flyball, 7D, EV 101.2 MPH)
|
|
Batting: RHB Itsuo Yoshioka
|
0-0: Swinging Strike 0-1: Ball 1-1: Called Strike 1-2: Strikes out swinging
|
|
Batting: RHB Juan Martinez
|
0-0: Called Strike 0-1: Fly out, F9 (Flyball, 89D, EV 99.4 MPH)
|
| Bottom of the 8th over - 0 runs, 0 hits, 0 errors, 0 left on base; Oklahoma City 5 - El Paso 1 |
| TOP OF THE 9TH |
|
Oklahoma City Dodgers batting - Pitching for El Paso Chihuahuas : LHP Matt Wojtkiewicz
|
|
Batting: RHB Jonathan Rangel
|
0-0: Ball 1-0: Ball 2-0: Foul Ball, location: 2F 2-1: Ball 3-1: Base on Balls
|
|
Batting: RHB Trevor Mock
|
0-0: Ball 1-0: Called Strike 1-1: Foul Ball, location: 2F 1-2: Ball 2-2: Strikes out looking
|
|
Batting: LHB Yasahiko Teshima
|
0-0: Ball 1-0: Foul Ball, location: 2F 1-1: Foul Ball, location: 2F 1-2: Foul Ball, location: 2F 1-2: Strikes out swinging
|
|
Batting: SHB Ken Welch
|
0-0: Called Strike 0-1: Ball 1-1: Ball 2-1: Fly out, F9 (Flyball, 8RS, EV 85.6 MPH)
|
| Top of the 9th over - 0 runs, 0 hits, 0 errors, 1 left on base; Oklahoma City 5 - El Paso 1 |
| BOTTOM OF THE 9TH |
|
El Paso Chihuahuas batting - Pitching for Oklahoma City Dodgers : RHP Jason Englert
|
|
Pitching: RHP Jared Wisham
|
|
|
Batting: RHB Antonio Medina
|
0-0: Ball 1-0: Ball 2-0: Foul Ball, location: 2F 2-1: Called Strike 2-2: Fly out, F9 (Flyball, 9S, EV 83.8 MPH)
|
|
Batting: RHB Danny Bunn
|
0-0: DOUBLE (Flyball, 89XD, EV 98.1 MPH)
|
|
Batting: RHB Kiril Emeshin
|
0-0: Fly out, F9 (Line Drive, 9D, EV 95.0 MPH)
|
|
Batting: SHB Jamie Roberts
|
0-0: Ball 1-0: Ball 2-0: Ball 3-0: Base on Balls
|
|
Batting: LHB Joseph Martin
|
0-0: Ball 1-0: Ball 2-0: Called Strike 2-1: Fielders Choice at 2nd, 6-4 (Groundball, 6MD, EV 104.4 MPH)
|
| Bottom of the 9th over - 0 runs, 1 hit, 0 errors, 2 left on base; Oklahoma City 5 - El Paso 1 |
|